 Dungeon Crawl Stone Soup version 0.26-a0-651-gb41185065b (webtiles) character file.

Game seed: 16667081015130620895

2 Irenicus the Digger (level 1, 0/15 HPs)
             Began as a Deep Dwarf Earth Elementalist on Oct 12, 2020.
             Slain by a kobold (3 damage)
             ... on level 1 of the Dungeon.
             The game lasted 00:00:17 (38 turns).

Irenicus the Digger (Deep Dwarf Earth Elementalist)   Turns: 38, Time: 00:00:17

Health: 0/15       AC:  2    Str: 11    XL:     1   Next: 25%
Magic:  0/3        EV: 12    Int: 15    God:
Gold:   3          SH:  0    Dex: 13    Spells: 2/3 levels left

rFire    . . .     SeeInvis .   a - +0 dagger
rCold    . . .     Faith    .   (no shield)
rNeg     . . .     Spirit   .   c - +0 robe
rPois    .         Reflect  .   (no helmet)
rElec    .         Harm     .   (no cloak)
rCorr    .         Rampage  .   (no gloves)
MR       .....                  (no boots)
Stlth    ++........             (no amulet)
HPRegen  0.00/turn              (no ring)
MPRegen  0.08/turn              (no ring)

@: non-regenerating
A: damage resistance, heal wounds, sense surroundings 1, no regeneration
a: Heal Wounds


You were on level 1 of the Dungeon.
You visited 1 branch of the dungeon, and saw 1 of its levels.

You collected 3 gold pieces.

Inventory:

Hand Weapons
 a - a +0 dagger (weapon)
   (You found it on level 1 of the Dungeon)
Missiles
 b - 26 stones (quivered)
Armour
 c - a +0 robe (worn)


   Skills:
 - Level 2.1 Dodging
 - Level 2.4 Stealth
 - Level 1.7 Spellcasting
   Level 0.8 Transmutations
 + Level 4.2 Earth Magic


You had 2 spell levels left.
You knew the following spells:

 Your Spells              Type           Power        Failure   Level
a - Sandblast             Erth           ##....       4%          1

Your spell library contained the following spells:

 Spells                   Type           Power        Failure   Level
 Passwall                 Tmut/Erth      #.......     12%         2
 Stone Arrow              Conj/Erth      #.....       28%         3
 Petrify                  Tmut/Erth      #.......     63%         4
 Lee's Rapid Deconstruct  Erth           ##........   75%         5


Dungeon Overview and Level Annotations

Branches:
Dungeon (1/15)

Altars:


Innate Abilities, Weirdness & Mutations

You are resistant to damage.
You can heal yourself by infusing magical energy.
You passively map a small area around you.
You do not regenerate.


Message History

Welcome, Irenicus the Deep Dwarf Earth Elementalist.
The bosom of this dungeon contains the legendary artefact, the Orb of Zot.
Press ? for a list of commands and other information.
Found a staircase leading out of the dungeon.
You open the door.
There is an open door here.
a - a dagger You now have 3 gold pieces.
a - a +0 dagger (weapon)
A kobold comes into view.
The kobold shouts!
A rat comes into view.
The kobold closely misses you.
Casting: Sandblast (safe; 4% risk of failure)
Confirm with . or Enter, or press ? or * to list all spells.
Aiming: Sandblast (safe; 4% risk of failure)
Press: ? - help, Shift-Dir - straight line, f - kobold
Aim: a kobold The blast of sand misses the kobold.
b - 29 stones The kobold hits you.
You take 3 damage, and have 12/15 hp.
You now have 2/3 mp.
Casting: Sandblast (safe; 4% risk of failure)
Confirm with . or Enter, or press ? or * to list all spells.
Aiming: Sandblast (safe; 4% risk of failure)
Press: ? - help, Shift-Dir - straight line, f/p - kobold
Aim: a kobold The blast of sand hits the kobold but does no damage.
b - 28 stones The kobold closely misses you.
You now have 1/3 mp.
Casting: Sandblast (safe; 4% risk of failure)
Confirm with . or Enter, or press ? or * to list all spells.
Aiming: Sandblast (safe; 4% risk of failure)
Press: ? - help, Shift-Dir - straight line, f/p - kobold
Aim: a kobold The blast of sand hits the kobold.
The kobold is severely wounded.
b - 27 stones The kobold closely misses you.
A kobold comes into view.
You now have 0/3 mp.
The kobold shouts!
You hit the kobold but do no damage.
The kobold is severely wounded.
The kobold barely misses you.
You miss the kobold.
The kobold is severely wounded.
The kobold hits you.
You take 1 damage, and have 11/15 hp.
You completely miss the kobold.
The kobold is severely wounded.
The kobold hits you.
You take 2 damage, and have 9/15 hp.
You hit the kobold but do no damage.
The kobold is severely wounded.
The kobold hits you.
You take 2 damage, and have 7/15 hp.
You hit the kobold.
You kill the kobold!
You closely miss the rat. The rat bites you but does no damage.
You closely miss the rat. The rat closely misses you.
You barely miss the rat. The rat bites you.
You take 1 damage, and have 6/15 hp.
You hit the rat.
The rat is moderately wounded.
The rat bites you but does no damage.
You hit the rat but do no damage.
The rat is moderately wounded.
The rat bites you.
You take 1 damage, and have 5/15 hp.
You hit the rat.
You kill the rat!
The kobold throws a stone.
The stone barely misses you. The kobold hits you.
* * * LOW HITPOINT WARNING * * *
Found a stone staircase leading down.
Things that are here:
a rat corpse; a kobold corpse You take 1 damage, and have 4/15 hp.
You hit the kobold but do no damage. The kobold hits you.
Casting: Sandblast (safe; 4% risk of failure)
Confirm with . or Enter, or press ? or * to list all spells.
Aiming: Sandblast (safe; 4% risk of failure)
Press: ? - help, Shift-Dir - straight line, f - kobold
Aim: a kobold, quivering 2 stones The blast of sand hits the kobold but does no damage.
b - 26 stones The kobold hits you.
* * * LOW HITPOINT WARNING * * *
You take 1 damage, and have 3/15 hp.
You now have 0/3 mp.
Casting: Sandblast (safe; 4% risk of failure)
Confirm with . or Enter, or press ? or * to list all spells.
You don't have enough magic to cast that spell.
You closely miss the kobold. The kobold hits you.
You die...

#. # #..., #.#. # #..++
##. ** ####..+. >...
#.....+. ..... #.##..'.
......###########.##..+.
......K@.....(........++
...?..###########.##....
.....* #.##.##. .... *
#..... . ,..., #.##.##
## #....# * #..### , * *
#.. * * * * ,,


You could see a kobold.

Vanquished Creatures
  A kobold (D:1)
  A rat (D:1)
2 creatures vanquished.

Notes
Turn   | Place    | Note
-------+----------+-------------------------------------------
     0 | D:1      | Irenicus the Deep Dwarf Earth Elementalist began the quest
                  | for the Orb.
     0 | D:1      | Reached XP level 1. HP: 15/15 MP: 3/3
    37 | D:1      | HP: 3/15 [kobold (1)]
    38 | D:1      | Slain by a kobold

Illustrated notes

Levels and vault maps discovered:
D:1:      lightli_arrival_maybe_door_vault, layout_loops_cross

Action                   || total
-------------------------++-------
Melee: Dagger            ||    13
 Cast: Sandblast         ||     4
Armor: Robe              ||     2
Dodge: Dodged            ||     6

Table legend: (Time is in decaauts)
 A = Elapsed time spent in this place.
 B = Non-inter-level travel time spent in this place.
 C = Inter-level travel time spent in this place.
 D = Time resting spent in this place.
 E = Time spent auto-exploring this place.
 F = Levels seen in this place.
 G = Mean time per level.
                   A        B        C        D        E       F      G
               +--------+--------+--------+--------+--------+-----+--------+
         Total |     37 |     37 |      0 |      0 |      0 |   1 |   37.0 |
       Dungeon |     37 |     37 |      0 |      0 |      0 |   1 |   37.0 |
               +--------+--------+--------+--------+--------+-----+--------+

Top non-repeatable levels by time:
     D:1: 37 daAuts

Table legend:
 A = Kills in this place as a percentage of kills in entire the game.
 B = Kills by you in this place as a percentage of kills by you in the entire game.
 C = Kills by friends in this place as a percentage of kills by friends in the entire game.
 D = Other kills in this place as a percentage of other kills in the entire game.
 E = Experience gained in this place as a percentage of experience gained in the entire game.
 F = Experience gained in this place divided by the number of levels of this place that you have seen.
                   A       B       C       D       E      F
               +-------+-------+-------+-------+-------+----------------------
         Total | 100.0 | 100.0 |   N/A |   N/A | 100.0 |   3.0
       Dungeon | 100.0 | 100.0 |   N/A |   N/A | 100.0 |   3.0
               +-------+-------+-------+-------+-------+----------------------
